Map: Iron Fortress LE (Void)

Players

ReBeL

  • Race: Terran Terran
  • League: Grandmaster

Javert - Winner!

  • Race: Zerg Zerg
  • League: Grandmaster

VOD

Have the link to the VOD?

Description

Time

  • Played on: July 11, 2015, 9:33 p.m.
  • Length: 12:42
Show
View Real Time Build Order
Export as new Build Order

ReBeL Terran 

Build Orders: Reaper Expand, MMM Bio 

Get SALT Encoding   

  12  0:01  SCV  
  13  0:13  SCV  
  14  0:17  Supply Depot  
  14  0:25  SCV  
  15  0:39  SCV  
  15  0:40  Barracks  
  16  0:44  Refinery  
  16  0:51  SCV  
  17  1:03  SCV  
  18  1:15  SCV  
  19  1:28  Reaper  
  19  1:30  Orbital Command  
  20  1:40  Command Center  
  20  1:50  Supply Depot  
  20  1:55  SCV  
  20  2:00  Reaper  
  22  2:07  SCV  
  23  2:29  Command Center  
  23  2:32  Reaper  
  24  2:40  SCV  
  25  2:49  Factory  
  25  2:56  SCV, Orbital Command  
  26  3:08  Barracks Reactor, SCV  
  27  3:15  Supply Depot  
  27  3:16  Supply Depot  
  27  3:23  SCV x2  
  29  3:35  Supply Depot, SCV  
  29  3:37  Hellion  
  32  3:41  Orbital Command  
  31  3:52  Marine  
  27  4:11  SCV x2  
  27  4:14  Barracks x2  
  27  4:17  Marine  
  27  4:18  Marine  
  27  4:19  Hellion  
  27  4:21  SCV  
  30  4:33  Supply Depot  
  29  4:47  Hellion  
  29  4:48  Hellion  
  33  4:58  Starport  
  33  5:00  SCV, Orbital Command  
  33  5:02  Refinery  
  33  5:03  Barracks Tech Lab, Marine x2  
  36  5:08  Orbital Command  
  36  5:12  SCV  
  37  5:17  Hellion  
  37  5:18  Hellion  
  41  5:21  Marine x2  
  43  5:28  Supply Depot  
  43  5:34  SCV x2  
  45  5:37  Stimpack  
  45  5:40  SCV  
  46  5:43  Viking  
  46  5:46  SCV  
  46  5:49  Marine x2  
  49  5:50  Marine  
  49  5:53  Supply Depot  
  49  5:55  Hellion x2  
  56  6:01  SCV  
  57  6:06  Supply Depot  
  57  6:11  Engineering Bay, Barracks  
  57  6:12  Refinery, Barracks  
  57  6:13  Refinery, Marine  
  57  6:14  Armory  
  58  6:21  SCV x2  
  60  6:26  Medivac  
  60  6:30  Marine  
  63  6:33  Marine  
  64  6:40  Terran Infantry Weapons Level 1  
  64  6:43  Engineering Bay  
  64  7:06  Barracks Reactor  
  64  7:07  Supply Depot  
  64  7:08  Barracks Reactor x2, Factory Reactor  
  64  7:09  Marine, Starport Reactor  
  64  7:10  Supply Depot, Marine x2  
  49  7:27  Marine  
  49  7:28  Marine x2  
  41  7:40  SCV  
  42  7:45  Marine x2  
  42  7:46  Marauder  
  42  7:48  Widow Mine x2  
  42  7:49  Marine x2  
  52  7:52  Marine x2  
  52  7:56  Medivac x2  
  57  8:02  Marine x2  
  57  8:03  Marine x2  
  61  8:06  Marine  
  61  8:08  Marauder  
  62  8:15  Marine  
  62  8:16  Marine  
  62  8:21  Marine x2  
  62  8:26  Marine x3  
  66  8:28  Combat Shields  
  66  8:29  Marauder  
  63  8:43  Orbital Command  
  63  8:50  Marine, Marauder  
  63  8:51  Marine x6  
  72  9:02  SCV  
  73  9:03  Factory Tech Lab  
  73  9:07  Bunker  
  73  9:09  SCV  
  74  9:12  Marauder  
  74  9:14  SCV  
  77  9:22  SCV  
  78  9:26  SCV  
  78  9:27  Siege Tank  
  82  9:36  Supply Depot  
  82  9:42  Supply Depot  
  63  10:12  Marauder  
  63  10:13  Supply Depot  
  65  10:16  Marine  
  65  10:17  Marine x4  
  65  10:18  Siege Tank  
  73  10:29  Marine x2  
  73  10:30  Orbital Command, Medivac x2  
  73  10:33  Marauder  
  79  10:36  Supply Depot  
  61  10:49  Marine x6  
  61  10:50  Marine  
  64  10:58  Supply Depot  
  64  11:00  SCV x2  
  64  11:03  Marine  
  64  11:04  Marine  
  68  11:07  Marine  
  68  11:10  SCV  
  70  11:12  SCV x2  
  70  11:15  Refinery  
  70  11:16  Armory  
  72  11:22  Bunker, Marine x2  
  72  11:23  Marine x2  
  76  11:27  Siege Tank  
  76  11:30  SCV  
  76  11:31  SCV x2  
  82  11:37  Missile Turret, Marine x4  
  82  11:38  Marine  
  87  11:43  SCV x2  
  88  11:52  Supply Depot  
  64  12:14  Marauder, Marine x3  
Show
View Real Time Build Order
Export as new Build Order

Javert Zerg - Winner!

Build Orders: Hatch First, Lurkers 

Get SALT Encoding   

  12  0:01  Drone  
  13  0:13  Overlord  
  13  0:17  Drone  
  14  0:32  Drone x2  
  16  0:36  Drone  
  17  0:55  Hatchery, Extractor  
  15  1:00  Drone x2  
  17  1:09  Drone  
  18  1:18  Spawning Pool  
  18  1:24  Drone  
  18  1:30  Drone  
  19  1:40  Overlord  
  19  1:53  Drone  
  20  2:05  Metabolic Boost  
  20  2:06  Queen  
  20  2:07  Queen  
  24  2:11  Zergling x4  
  26  2:24  Zergling x6  
  29  2:51  Zergling x6  
  29  2:52  Zergling x4  
  29  2:56  Queen  
  35  3:04  Overlord  
  35  3:15  Drone  
  36  3:22  Queen  
  38  3:33  Drone x2  
  38  3:34  Drone x4  
  44  4:02  Overlord x2  
  41  4:15  Drone x2  
  43  4:20  Extractor  
  42  4:32  Drone  
  42  4:33  Drone x12  
  55  4:45  Lair  
  55  4:51  Extractor  
  55  4:52  Extractor  
  53  5:01  Roach Warren, Overlord  
  53  5:02  Evolution Chamber  
  53  5:03  Evolution Chamber  
  53  5:04  Drone  
  53  5:05  Drone x2, Spore Crawler  
  52  5:18  Drone x5  
  57  5:26  Zergling x8  
  61  5:33  Overlord  
  61  5:36  Zerg Missile Weapons Level 1, Zerg Ground Armor Level 1  
  61  5:42  Glial Reconstitution  
  61  5:44  Overlord  
  61  5:45  Overlord x2  
  61  5:56  Roach x2  
  65  6:01  Hatchery  
  64  6:07  Spore Crawler  
  64  6:10  Roach x5  
  64  6:11  Roach x2  
  77  6:14  Overlord  
  77  6:30  Spine Crawler  
  76  6:38  Spore Crawler  
  76  6:39  Roach x5  
  85  6:43  Spore Crawler  
  85  6:44  Ravager  
  85  6:45  Ravager x6  
  91  6:48  Overlord  
  91  6:56  Overlord x2  
  91  6:58  Drone  
  74  7:24  Roach  
  74  7:25  Roach x8  
  81  7:39  Roach x5  
  91  7:49  Overlord  
  91  7:51  Overseer  
  91  7:55  Hydralisk Den  
  90  8:00  Overlord  
  90  8:01  Drone  
  90  8:02  Drone x3  
  94  8:08  Drone x3  
  94  8:14  Ravager  
  94  8:15  Ravager x4  
  94  8:19  Overlord  
  99  8:22  Overlord  
  99  8:28  Overlord  
  99  8:33  Spore Crawler  
  98  8:40  Drone x3  
  97  8:49  Extractor  
  97  8:50  Ravager x2  
  97  8:51  Roach x2, Extractor  
  101  9:02  Zerg Missile Weapons Level 2  
  101  9:08  Lurker Den  
  101  9:18  Hydralisk x5  
  111  9:29  Hydralisk x2  
  115  9:35  Drone x3  
  100  9:59  Roach x3  
  94  10:00  Roach x5  
  86  10:07  Drone x4  
  90  10:14  Zerg Ground Armor Level 2  
  86  10:41  Roach x11  
  100  10:46  Lurker x3  
  101  10:53  Lurker  
  102  10:58  Drone  
  102  10:59  Drone x3  
  106  11:17  Hatchery  
  105  11:22  Roach x8  
  121  11:28  Overlord  
  121  11:29  Overlord  
  121  11:39  Infestation Pit  
  106  12:11  Roach x13  
  106  12:12  Roach x3  
Tags
 
Add a new tag
Caveats
  • Supply blocks, unpowered buildings, or Contaminate may cause inaccurate times.
  • Supply counts are checked every 10 seconds.